 Dungeon Sprint DCSS version 0.16-a0-119-gc74d62a (webtiles) character file.

7119 BluebellGnoll the Unseen (level 10, -6/51 HPs)
             Began as a Spriggan Enchanter on Aug 12, 2014.
             Was a High Priest of Vehumet.
             Mangled by Agnes
             ... wielding a +0 lajatang of venom
              (29 damage)
             ... in the Dungeon (Sprint IV: "Fedhas' Mad Dash").
             The game lasted 00:22:53 (1172 turns).

BluebellGnoll the Unseen (Spriggan Enchanter)       Turns: 1172, Time: 00:22:54

HP  -6/51        AC  3     Str  4      XL: 10   Next: 85%
MP  27/33        EV 29     Int 20      God: Vehumet [*****.]
Gold 36          SH  5     Dex 17      Spells:  7 memorised, 16 levels left

rFire  . . .     SeeInvis +     a - +1 dagger
rCold  . . .     Clarity  .     b - +1 robe
rNeg   . . .     rCorr    .     p - +0 buckler
rPois  .         rRot     .     (helmet restricted)
rElec  .         Spirit   .     (no cloak)
SustAb .         Warding  .     (gloves unavailable)
rMut   .         NoTele   +     (boots unavailable)
Gourm  .                        (no amulet)
MR     +....                    (no ring)
                                k - ring of invisibility

@: lethally poisoned, very quick, somewhat resistant to hostile enchantments,
incredibly stealthy
A: unfitting armour, see invisible, herbivore 3, speed 3, slow metabolism 2
a: Renounce Religion, Evoke Invisibility


You were in the Dungeon.
You worshipped Vehumet.
Vehumet was extremely pleased with you.
You were hungry.

You visited 1 branch You collected 303 gold pieces.
You spent 267 gold pieces at shops.

Inventory:

Hand weapons
 a - a +1 dagger (weapon)
 s - a +0 antimagic short sword
Armour
 b - a +1 robe (worn)
 p - a +0 buckler (worn)
Comestibles
 l - 2 bread rations
 m - 3 royal jellies
Scrolls
 i - 3 scrolls of identify
 j - a scroll of blinking
 u - a scroll of immolation
 v - a scroll of magic mapping
 x - a scroll of fear {unknown}
 y - a scroll of remove curse {unknown}
Jewellery
 k - a ring of invisibility (left hand)
Potions
 d - a potion of porridge
 e - a potion of curing
 f - a potion of heal wounds
 g - a potion of haste
 h - 2 potions of magic
Books
 c - a book of Maledictions

   Spells                             Type                      Level
   *Corona                            Hexes                        1
   *Sure Blade                        Hexes/Charms                 2
   *Ensorcelled Hibernation           Hexes/Ice                    2
   *Confuse                           Hexes                        3
   *Dazzling Spray                    Conjuration/Hexes            3
   *Enslavement                       Hexes                        4
 n - a book of Necromancy

   Spells                             Type                      Level
   Pain                               Necromancy                   1
   Animate Skeleton                   Necromancy                   1
   Vampiric Draining                  Necromancy                   3
   *Regeneration                      Charms/Necromancy            3
   Animate Dead                       Necromancy                   4
   Control Undead                     Necromancy                   4
 o - a book of the Earth

   Spells                             Type                      Level
   Leda's Liquefaction                Hexes/Earth                  4
   Bolt of Magma                      Conjuration/Fire/Earth       5
   Statue Form                        Transmutation/Earth          6
   Iron Shot                          Conjuration/Earth            6
   Shatter                            Earth                        9
Miscellaneous
 r - a sack of spiders {used: 3}


   Skills:
 - Level 5.0 Fighting
 - Level 12.8 Short Blades
 - Level 13.9 Dodging
 - Level 19.9 Stealth
 - Level 12.8 Spellcasting
 + Level 5.7 Conjurations
 - Level 10.2 Hexes


You had 16 spell levels left.
You knew the following spells:

 Your Spells              Type           Power        Failure   Level  Hunger
a - Corona                Hex            ######.      1%          1    None
b - Ensorcelled Hibernat  Hex/Ice        ####..       1%          2    None
c - Confuse               Hex            ######..     1%          3    None
d - Sure Blade            Hex/Chrm       ####......   1%          2    None
e - Dazzling Spray        Conj/Hex       #####...     1%          3    None
f - Enslavement           Hex            ######..     1%          4    None
g - Regeneration          Chrm/Necr      ##........   21%         3    None


Dungeon Overview and Level Annotations

Branches:
Dungeon (1/1)

Altars:
Cheibriados
Dithmenos
Elyvilon
Gozag
Kikubaaqudgha
Makhleb
Nemelex Xobeh
Okawaru
Qazlal
Sif Muna
Trog
Vehumet
Xom
Yredelemnul
Zin
The Shining One
Beogh
Jiyva
Lugonu

Shops:
D ([:**}:*

Annotations:
D Agnes


Innate Abilities, Weirdness & Mutations

You are tiny and cannot use many weapons and most armour.
You have supernaturally acute eyesight.
You are a herbivore.
You cover ground extremely quickly.
You need consume almost no food.


Message History

Press: ? - help, Shift-Dir - straight line, f - Agnes
Aim: Agnes, wielding a lajatang of venom and wearing a robe (purple smoke, lightly wounded, poisoned)
The spray of energy hits Agnes.
Agnes is moderately wounded.
Agnes says, "It is my duty to kill you, but also my pleasure."
Agnes hits you with a lajatang of venom!!
You are lethally poisoned!
Unknown command.
Casting: Dazzling Spray
Confirm with . or Enter, or press ? or * to list all spells.
Aiming: Dazzling Spray
Press: ? - help, Shift-Dir - straight line, f/p - Agnes
Aim: Agnes, wielding a lajatang of venom and wearing a robe (moderately wounded, poisoned)
The spray of energy hits Agnes.
Agnes is moderately wounded.
You feel very sick.
Your spider barely misses Agnes.
Agnes hits you with a lajatang of venom!!
Ouch! That really hurt!
You die...

'##._._._._._._.#.[##∩∩.'.%.#####
..#.⌠.........⌠.#################
..###################.....(###)).
###♣♣♣♣♣..♣.###.'..'.......'.'.).
)'......♣..♣##..#..#.P.....######
.#♣..♣♣♣.♣).###.##'##.P....#
.#.♣♣.(♣...♣'...#♣.♣########
#################.....####
........# ###i@♣..♣....###
......P.#####.§s♣......♣...♣###
..........[..(...♣.....∩.∩..))#
......P...#####################
########### ***** * ****** ,* **
,,*****,,,∩∩** ,,,,,*** ,*
*,,,,+,,,,,,, ,**, ,,,, * ** *,,
,** **,,,,,+,,,,,,,*** **,,,,*
*****************


You could see Agnes and a friendly spider.

Vanquished Creatures
  A spriggan defender (D)
  A spriggan berserker (D)
  A spriggan druid (D)
  6 oklob plants (D)
  A demonic crawler (D)
  3 wandering mushrooms (D)
  3 burning bushes (D)
  A queen bee (D)
  A yellow wasp (D)
  4 killer bees (D)
  2 scorpions (D)
  5 oklob saplings (D)
  A worker ant (D)
  6 spriggans (D)
  A green rat (D)
  A giant spore (D)
  A rat (D)
39 creatures vanquished.

Vanquished Creatures (others)
  5 spiders (D)
  A bush (D)
6 creatures vanquished.

Grand Total: 45 creatures vanquished

Notes
Turn   | Place    | Note
--------------------------------------------------------------
     0 | D        | BluebellGnoll, the Spriggan Enchanter, began the quest for the Orb.
     0 | D        | Reached XP level 1. HP: 9/9 MP: 4/4
    11 | D        | Reached skill level 7 in Stealth
    11 | D        | Reached XP level 2. HP: 5/13 MP: 7/7
    12 | D        | Reached skill level 8 in Stealth
    47 | D        | Noticed an oklob sapling
    49 | D        | Killed an oklob sapling
    49 | D        | Reached skill level 10 in Stealth
    49 | D        | Reached XP level 3. HP: 7/16 MP: 9/9
    53 | D        | Learned a level 2 spell: Ensorcelled Hibernation
    57 | D        | Learned a level 3 spell: Confuse
    58 | D        | Noticed a worker ant
    60 | D        | Killed a worker ant
    60 | D        | Reached skill level 12 in Stealth
    77 | D        | Found a snail-covered altar of Cheibriados.
    77 | D        | Found a glowing silver altar of Zin.
    77 | D        | Found a white marble altar of Elyvilon.
    77 | D        | Found a viscous altar of Jiyva.
    77 | D        | Found a radiant altar of Vehumet.
    77 | D        | Found a deep blue altar of Sif Muna.
    77 | D        | Found an ancient bone altar of Kikubaaqudgha.
    77 | D        | Found a bloodstained altar of Trog.
    77 | D        | Found a corrupted altar of Lugonu.
    77 | D        | Noticed an oklob sapling priest
    78 | D        | Found a glowing golden altar of the Shining One.
    78 | D        | Found a burning altar of Makhleb.
    79 | D        | Found a shadowy altar of Dithmenos.
    79 | D        | Found a sparkling altar of Nemelex Xobeh.
    80 | D        | Found an iron altar of Okawaru.
    81 | D        | Found an opulent altar of Gozag.
    81 | D        | Found a shimmering altar of Xom.
    82 | D        | Found a basalt altar of Yredelemnul.
    83 | D        | Found a stormy altar of Qazlal.
    83 | D        | Found a roughly hewn altar of Beogh.
    84 | D        | Killed an oklob sapling priest
    84 | D        | Reached skill level 14 in Stealth
    84 | D        | Reached XP level 4. HP: 10/21 MP: 9/12
    87 | D        | Became a worshipper of Vehumet
    92 | D        | Noticed an oklob sapling
    95 | D        | Killed an oklob sapling
    95 | D        | Reached skill level 15 in Stealth
    95 | D        | Reached XP level 5. HP: 12/24 MP: 11/14
   106 | D        | Learned a level 3 spell: Dazzling Spray
   114 | D        | Noticed a queen bee
   115 | D        | Noticed a killer bee
   116 | D        | Noticed a killer bee
   118 | D        | Noticed a killer bee
   118 | D        | Noticed a killer bee
   122 | D        | Killed a killer bee
   122 | D        | Reached skill level 5 in Hexes
   123 | D        | Killed a killer bee
   123 | D        | Reached skill level 5 in Spellcasting
   124 | D        | Killed a queen bee
   124 | D        | Acquired Vehumet's first power
   124 | D        | Offered knowledge of Freeze by Vehumet.
   124 | D        | Reached skill level 10 in Hexes
   124 | D        | Reached XP level 6. HP: 15/28 MP: 12/24
   126 | D        | Killed a killer bee
   126 | D        | Reached skill level 5 in Dodging
   127 | D        | Killed a killer bee
   129 | D        | Noticed an oklob plant
   132 | D        | Killed an oklob plant
   132 | D        | Reached XP level 7. HP: 18/32 MP: 19/26
   153 | D        | Learned a level 4 spell: Enslavement
   156 | D        | Learned a level 2 spell: Sure Blade
   291 | D        | Noticed a burning bush
   296 | D        | Noticed a wandering mushroom
   296 | D        | Noticed a burning bush
   296 | D        | Noticed an oklob plant
   297 | D        | Noticed an oklob sapling
   298 | D        | Killed a burning bush
   298 | D        | Reached skill level 5 in Short Blades
   298 | D        | Reached XP level 8. HP: 36/36 MP: 24/27
   304 | D        | Killed an oklob plant
   304 | D        | Reached skill level 10 in Short Blades
   306 | D        | Killed an oklob sapling
   308 | D        | Killed a wandering mushroom
   308 | D        | Reached skill level 16 in Stealth
   319 | D        | Noticed a spriggan druid
   321 | D        | Killed a spriggan druid
   321 | D        | Offered knowledge of Throw Flame by Vehumet.
   321 | D        | Reached skill level 18 in Stealth
   321 | D        | Reached XP level 9. HP: 23/39 MP: 25/29
   337 | D        | Noticed an oklob plant conjurer
   338 | D        | Killed an oklob plant conjurer
   338 | D        | Reached skill level 19 in Stealth
   348 | D        | Learned a level 3 spell: Regeneration
   355 | D        | Noticed an oklob plant
   355 | D        | Noticed an oklob plant shifter
   355 | D        | Noticed an oklob plant summoner
   367 | D        | Killed an oklob plant
   367 | D        | Reached skill level 10 in Spellcasting
   371 | D        | Killed an oklob plant shifter
   378 | D        | Killed an oklob plant summoner
   386 | D        | Noticed a demonic crawler
   388 | D        | Killed a demonic crawler
   484 | D        | Killed a burning bush
   484 | D        | Reached XP level 10. HP: 44/44 MP: 31/33
   518 | D        | Noticed an oklob sapling wizard
   521 | D        | Killed an oklob sapling wizard
   524 | D        | Noticed a scorpion
   527 | D        | Offered knowledge of Static Discharge by Vehumet.
   528 | D        | Killed a scorpion
   530 | D        | Acquired Vehumet's second power
   547 | D        | Found Plaug's Armour Shop.
   547 | D        | Found Ycuim's Weapon Emporium.
   555 | D        | Noticed a burning bush
   555 | D        | Noticed a wandering mushroom
   556 | D        | Noticed a scorpion
   556 | D        | Noticed a wandering mushroom
   559 | D        | Killed a burning bush
   560 | D        | Killed a wandering mushroom
   561 | D        | Killed a wandering mushroom
   563 | D        | Killed a scorpion
   563 | D        | Reached skill level 5 in Fighting
   569 | D        | Found Cumueqat's Gadget Emporium.
   569 | D        | Found Warchapt's Assorted Antiques.
   653 | D        | Noticed a spriggan rider
   653 | D        | Noticed a spriggan
   653 | D        | Noticed a spriggan
   654 | D        | Found Eprud's Book Emporium.
   662 | D        | Killed a spriggan
   664 | D        | Killed a spriggan
   667 | D        | Killed a spriggan
   667 | D        | Acquired Vehumet's third power
   668 | D        | Killed a yellow wasp
   669 | D        | Found Meunitun's Assorted Antiques.
   807 | D        | Noticed Agnes
   821 | D        | Found Ijuconof's Book Emporium.
   821 | D        | Noticed a spriggan berserker
   826 | D        | Killed a spriggan berserker
   826 | D        | Offered knowledge of Throw Icicle by Vehumet.
   828 | D        | Noticed a spriggan rider
  1059 | D        | Noticed a spriggan
  1069 | D        | Killed a spriggan
  1069 | D        | Offered knowledge of Fulminant Prism by Vehumet.
  1069 | D        | Reached skill level 1 in Conjurations
  1103 | D        | Bought a scroll labeled FEWIFR EMYFF for 27 gold pieces
  1103 | D        | Bought 2 scrolls labeled SMUPSUA ZIOCK for 54 gold pieces
  1103 | D        | Bought a scroll labeled XIUREO LIT OMO for 27 gold pieces
  1103 | D        | Bought a scroll labeled ZUNEROGIUM for 27 gold pieces
  1103 | D        | Bought a scroll labeled FEWIFR EMYFF for 27 gold pieces
  1103 | D        | Bought a scroll labeled GIFOLA SHREYR for 27 gold pieces
  1133 | D        | Found Samuk's General Store.
  1136 | D        | Noticed a spriggan defender
  1144 | D        | Killed a spriggan defender
  1144 | D        | Reached skill level 5 in Conjurations
  1149 | D        | Bought a scroll of identify for 26 gold pieces
  1149 | D        | Bought a scroll of identify for 26 gold pieces
  1149 | D        | Bought a scroll of identify for 26 gold pieces
  1172 | D        | Mangled by Agnes

Action                   |  1- 3 |  4- 6 |  7- 9 | 10-12 || total
-------------------------+-------+-------+-------+-------++-------
Melee: Dagger            |     9 |     7 |    17 |    25 ||    58
 Cast: Dazzling Spray    |       |       |     2 |    14 ||    16
       Sure Blade        |       |       |     1 |     3 ||     4
       Regeneration      |       |       |       |     2 ||     2
 Abil: Evoke Invisibilit |     1 |     1 |     2 |       ||     4
Evoke: Sack of spiders   |       |       |       |     3 ||     3
  Use: Potion            |     1 |       |       |       ||     1
       Scroll            |       |       |       |     5 ||     5
 Stab: Sleeping          |     3 |     7 |     8 |     9 ||    27
       Invisible         |       |       |     2 |     6 ||     8
       Distracted        |       |       |     1 |       ||     1
